Map: Bel'Shir Vestige LE (Void)

Players

PiG

  • Race: Terran Terran
  • League: Grandmaster
  • Spawn Location: 11:00

A.I. 1 (Very Easy) - Winner!

  • Race: Zerg Zerg
  • Spawn Location: 5:00

VOD

Have the link to the VOD?

Description

Good multi-prong helion, hellbat and lib based opening

Time

  • Played on: Feb. 23, 2017, 8:09 p.m.
  • Length: 6:00
Show
View Real Time Build Order
Export as new Build Order

PiG Terran 

Build Orders: Liberator Opening, Reaper Expand 

Get SALT Encoding   

  12  0:00  SCV  
  13  0:13  SCV  
  14  0:18  Supply Depot  
  14  0:25  SCV  
  15  0:29  Refinery  
  15  0:39  SCV  
  16  0:45  Barracks  
  16  0:51  SCV  
  17  1:03  SCV  
  18  1:16  SCV  
  19  1:31  Orbital Command  
  19  1:32  Reaper  
  20  1:41  Command Center  
  20  1:53  Factory  
  20  1:57  SCV  
  21  2:03  Refinery  
  21  2:07  Barracks Reactor  
  21  2:09  SCV  
  22  2:19  Supply Depot  
  22  2:21  SCV  
  23  2:40  SCV  
  24  2:46  Starport  
  24  2:51  Hellion  
  24  2:52  Hellion  
  24  2:53  SCV  
  29  3:01  Marine  
  29  3:03  Orbital Command  
  29  3:05  SCV  
  31  3:13  Hellion x2  
  31  3:17  SCV  
  31  3:19  Marine  
  37  3:22  Medivac  
  39  3:29  SCV x2  
  39  3:34  Supply Depot  
  41  3:40  Hellion  
  44  3:41  SCV  
  44  3:42  Liberator, Hellion  
  44  3:47  Armory  
  46  3:55  Barracks Tech Lab, SCV  
  50  4:04  SCV  
  50  4:06  Supply Depot  
  51  4:21  SCV x2  
  53  4:26  Factory Reactor  
  53  4:31  Command Center  
  53  4:33  SCV  
  53  4:35  SCV  
  53  4:37  Supply Depot  
  55  4:39  Marine  
  56  4:45  Engineering Bay  
  56  4:46  Engineering Bay  
  56  4:52  SCV x2  
  58  4:57  Starport Reactor  
  58  4:59  Barracks  
  58  5:07  Barracks  
  58  5:09  SCV x2  
  58  5:11  Factory Reactor  
  58  5:12  Refinery  
  58  5:13  Refinery  
  60  5:21  SCV x2  
  59  5:32  Barracks  
  59  5:33  SCV x2  
  59  5:35  Marine, Barracks  
  58  5:45  SCV x2  
Show
View Real Time Build Order
Export as new Build Order

A.I. 1 (Very Easy) Zerg - Winner!

Build Orders: Hatch First 

Get SALT Encoding   

  12  0:00  Drone  
  13  0:12  Overlord  
  13  0:17  Drone  
  14  0:43  Hatchery  
  14  0:44  Drone  
  14  1:02  Spawning Pool  
  13  1:05  Extractor  
  13  1:06  Drone  
  13  1:13  Drone  
  14  1:19  Overlord  
  14  1:49  Queen, Zergling x2  
  14  1:52  Zergling x2  
  18  1:56  Roach Warren  
  18  2:00  Drone  
  18  2:05  Extractor  
  17  2:10  Drone  
  19  2:15  Zergling x2  
  19  2:20  Drone  
  20  2:27  Drone  
  21  2:34  Drone  
  21  2:41  Drone  
  22  2:48  Drone  
  23  2:56  Drone  
  24  3:03  Drone  
  25  3:06  Roach  
  25  3:10  Drone  
  28  3:17  Overlord  
  28  3:21  Drone  
  29  3:28  Drone  
  30  3:35  Drone  
  28  3:42  Drone  
  29  3:50  Drone  
  30  3:57  Drone, Roach  
  30  3:59  Overlord  
  33  4:04  Drone  
  33  4:08  Lair  
  34  4:11  Drone  
  35  4:19  Drone  
  36  4:26  Drone  
  37  4:33  Drone  
  38  4:40  Drone  
  39  4:48  Drone, Roach  
  39  4:49  Overlord  
  40  4:55  Drone  
  33  5:03  Drone  
  33  5:06  Overseer  
  33  5:10  Drone  
  34  5:16  Overseer  
  34  5:17  Drone  
  35  5:25  Drone  
  31  5:32  Drone  
  31  5:34  Roach  
  26  5:39  Drone  
  18  5:46  Drone  
Tags
 
Add a new tag
Caveats
  • Supply blocks, unpowered buildings, or Contaminate may cause inaccurate times.
  • Supply counts are checked every 10 seconds.